 Dungeon Crawl Stone Soup version 0.17-a0-877-ga10078a (webtiles) character file.

523 Lokkij the Conjurer (level 7, -1/36 HPs)
             Began as a Tengu Venom Mage on Apr 30, 2015.
             Was an Initiate of Okawaru.
             Slain by a kobold
             ... wielding a +0 club
              (3 damage)
             ... on level 4 of the Dungeon.
             The game lasted 00:13:17 (4635 turns).

Lokkij the Conjurer (Tengu Venom Mage)              Turns: 4635, Time: 00:13:17

Health: -1/36      AC:  3    Str:  6 (8)  XL:     7   Next: 22%
Magic:  12/15      EV: 12    Int: 17      God:    Okawaru [......]
Gold:   124        SH:  0    Dex: 15      Spells: 4 memorised, 5 levels left

rFire  . . .     SeeInvis .     n - +2 hand axe (flame)
rCold  . . .     Clarity  .     a - +0 robe
rNeg   . . .     SustAb   .     (no shield)
rPois  .         Gourm    .     (helmet restricted)
rElec  .         Spirit   .     (no cloak)
rCorr  .         Warding  .     s - +0 pair of gloves
rMut   .         Stasis   .     (boots unavailable)
MR     .....                    (no amulet)
Stlth  ++........               (no ring)
                                (no ring)

@: about to teleport, slowed, very slow, not resistant to hostile enchantments,
unstealthy
A: beak, talons 3, able to fly 1
a: Fly, Renounce Religion


You were on level 4 of the Dungeon.
You worshipped Okawaru.
Okawaru was noncommittal.
You were not hungry.

You visited 1 branch of the dungeon, and saw 4 of its levels.

You collected 124 gold pieces.

Inventory:

Hand weapons
 n - a +2 hand axe of flaming (weapon)
Missiles
 l - 6 tomahawks of returning (quivered)
Armour
 a - a +0 robe (worn)
 s - a +0 pair of gloves (worn)
 t - a +0 buckler
Magical devices
 u - a wand of polymorph (11)
Scrolls
 f - 2 scrolls of enchant weapon {unknown}
 g - a scroll of fog {unknown}
 i - a scroll of enchant armour
 o - a scroll of immolation {unknown}
 p - a scroll of magic mapping {unknown}
 q - 2 scrolls of identify
Potions
 e - a potion of invisibility {unknown}
 k - a potion of cancellation
 m - a potion of might {unknown}
 v - a potion of mutation {unknown}
Books
 b - a Young Poisoner's Handbook

   Spells                             Type                      Level
   a - Sting                          Conjuration/Poison           1
   b - Cure Poison                    Poison                       2
   c - Mephitic Cloud                 Conjuration/Poison/Air       3
   d - Olgreb's Toxic Radiance        Poison                       4
   e - Venom Bolt                     Conjuration/Poison           5
Comestibles
 c - 3 bread rations
 j - a royal jelly


   Skills:
 - Level 2.1 Dodging
 - Level 2.0 Stealth
 + Level 5.1 Spellcasting
 + Level 6.5 Conjurations
 + Level 4.2 Poison Magic


You had 5 spell levels left.
You knew the following spells:

 Your Spells              Type           Power        Failure   Level  Hunger
a - Sting                 Conj/Pois      ###.         1%          1    None
b - Mephitic Cloud        Conj/Pois/Air  ###.....     12%         3    ###....
c - Venom Bolt            Conj/Pois      ###.......   45%         5    ######.
d - Cure Poison           Pois           ###.......   4%          2    #......


Dungeon Overview and Level Annotations

Branches:
Dungeon (4/15)
 Temple: D:4-7

Altars:
Kikubaaqudgha
Nemelex Xobeh
Okawaru
Sif Muna
Trog


Innate Abilities, Weirdness & Mutations

You have a beak for a mouth.
You have claws for feet.
You can fly.


Message History

As you read the scroll of teleportation, it crumbles to dust.
You feel strangely unstable. The orc hits you with a falchion.
The orc priest mumbles some strange prayers to Beogh against you.
Something smites you!
* * * LOW HITPOINT WARNING * * *
The orc misses you.
Casting: Sting
Confirm with . or Enter, or press ? or * to list all spells.
Aiming: Sting
Press: ? - help, Shift-Dir - straight line, f/p - orc priest
Aim: an orc priest, wielding a short sword (severely wounded, poisoned)
The sting hits the orc priest.
The orc priest looks even sicker.
You kill the orc priest!
Okawaru accepts your kill. The orc hits you with a falchion.
* * * LOW HITPOINT WARNING * * *
The kobold unwields an uncursed blowgun.
The kobold wields an uncursed club.
The kobold hits you with an uncursed club.
You die...

....# ##### ### #.... ###
## #⌠K⌠..# #.. .#o._...
#.# #K#⌠o⌠# #.# #@#..#
####.# #########o#.#####..
..##.###.........(.......#
#..............<.#########
.........#########
.....##### ######


You could see 2 orcs and a kobold.

Vanquished Creatures
  An ogre (D:4)
  A giant frog (D:3)
  A hound (D:4)
  An iguana (D:4)
  Ijyb (D:3)
  An orc priest (D:4)
  Terence (D:3)
  Natasha (thrice) (D:2)
  2 worker ants (D:4)
  Robin (D:3)
  3 gnolls (D:3)
  4 adders
  A shadow imp (D:4)
  An ooze (D:4)
  3 worms
  2 giant geckos
  2 orcs (D:3)
  A ball python (D:2)
  5 bats
  2 giant cockroaches
  10 hobgoblins
  4 jackals (D:4)
  6 giant newts
  16 goblins
  6 kobolds
  13 rats
92 creatures vanquished.

Notes
Turn   | Place    | Note
--------------------------------------------------------------
     0 | D:1      | Lokkij, the Tengu Venom Mage, began the quest for the Orb.
     0 | D:1      | Reached XP level 1. HP: 10/10 MP: 4/4
   303 | D:1      | Reached skill level 1 in Conjurations
   380 | D:1      | Reached XP level 2. HP: 15/15 MP: 6/6
  1196 | D:2      | Noticed Natasha
  1211 | D:2      | Killed Natasha
  1211 | D:2      | Reached XP level 3. HP: 15/19 MP: 5/8
  1298 | D:2      | Learned a level 3 spell: Mephitic Cloud
  1531 | D:2      | Noticed a moth of wrath
  1536 | D:2      | Found a bloodstained altar of Trog.
  1569 | D:2      | Found a bloodstained altar of Trog.
  1731 | D:2      | Reached XP level 4. HP: 18/24 MP: 1/9
  1957 | D:2      | Found a deep blue altar of Sif Muna.
  1979 | D:2      | Found an iron altar of Okawaru.
  1981 | D:2      | Found an ancient bone altar of Kikubaaqudgha.
  2024 | D:2      | Noticed Natasha
  2033 | D:2      | Killed Natasha
  2181 | D:2      | Noticed Natasha
  2184 | D:2      | Killed Natasha
  2241 | D:3      | Noticed Robin
  2369 | D:3      | Noticed Terence
  2388 | D:3      | Killed Terence
  2499 | D:3      | Noticed Ijyb
  2510 | D:3      | Gained mutation: You can fly. [Tengu growth]
  2510 | D:3      | Reached XP level 5. HP: 18/28 MP: 11/11
  2522 | D:3      | Killed Ijyb
  2637 | D:3      | Noticed a giant frog
  3150 | D:3      | Killed a giant frog
  3150 | D:3      | Reached skill level 5 in Conjurations
  3150 | D:3      | Reached XP level 6. HP: 32/32 MP: 2/13
  3157 | D:3      | Killed Robin
  3404 | D:2      | Became a worshipper of Warmaster Okawaru
  4270 | D:4      | Reached skill level 6 in Conjurations
  4270 | D:4      | Reached XP level 7. HP: 28/36 MP: 6/15
  4562 | D:4      | Reached skill level 5 in Spellcasting
  4591 | D:4      | Learned a level 5 spell: Venom Bolt
  4594 | D:4      | Learned a level 2 spell: Cure Poison
  4625 | D:4      | Found a sparkling altar of Nemelex Xobeh.
  4635 | D:4      | Slain by a kobold

Action                   |  1- 3 |  4- 6 |  7- 9 || total
-------------------------+-------+-------+-------++-------
Melee: Club              |    11 |       |       ||    11
       Unarmed           |    17 |       |       ||    17
       Mace              |    14 |       |       ||    14
       Hand axe          |    18 |    70 |     8 ||    96
       Spear             |    10 |    24 |       ||    34
 Cast: Sting             |    35 |    65 |    15 ||   115
       Mephitic Cloud    |       |    13 |       ||    13
  Use: Potion            |     1 |     6 |     2 ||     9
       Scroll            |       |     3 |     1 ||     4
 Stab: Sleeping          |     1 |       |       ||     1
       Confused          |       |     3 |       ||     3
       Distracted        |       |     1 |       ||     1
  Eat: Chunk             |     3 |     5 |     1 ||     9
       Bread ration      |       |     1 |       ||     1
